 Dungeon Crawl Stone Soup version 0.29-a0-1047-g7c58e119a4 (webtiles) character file.

Game seed: 10738731828018201513

312 Sobieck the Cutter (level 6, 0/32 HPs)
             Began as a Vine Stalker Monk on Aug 16, 2022.
             Slain by an orc
             ... wielding a +0 morningstar
              (8 damage)
             ... on level 5 of the Dungeon.
             The game lasted 00:06:05 (3806 turns).

Sobieck the Cutter (Vine Stalker Monk)              Turns: 3806, Time: 00:06:06

Health: 0/32       AC:  4    Str: 14    XL:     6   Next: 42%
Magic:  0/7        EV: 12    Int: 10    God:
Gold:   210        SH:  6    Dex: 18    Spells: 5/5 levels left

rFire   . . .      SeeInvis .   w - +1 short sword (holy) {short}
rCold   . . .      Faith    .   g - +2 buckler
rNeg    . . .      Spirit   +   r - +0 leather armour
rPois   .          Reflect  .   v - +1 hat
rElec   .          Harm     .   (no cloak)
rCorr   .          Rampage  .   (no gloves)
Will    +....                   (no boots)
Stlth   +++.......              (no amulet)
HPRegen 0.90/turn               x - ring of willpower
MPRegen 0.10/turn               (no ring)

@: no status effects
A: fangs 2, regeneration 1, magic shield, antimagic bite, no potion heal 2
a: no special abilities


You were on level 5 of the Dungeon.
You visited 1 branch of the dungeon, and saw 5 of its levels.

You collected 210 gold pieces.


Innate Abilities, Weirdness & Mutations

You have extremely sharp teeth.
Your natural rate of healing is unusually fast.
When hurt, damage is shared between your health and your magic reserves.
Your bite disrupts and absorbs the magic of your enemies.
Potions cannot restore your health.


   Skills:
 - Level 2.6 Fighting
 * Level 5.4 Short Blades
 - Level 2.4 Dodging
 + Level 5.2 Stealth


You had 5 spell levels left.
You didn't know any spells.
Your spell library contained the following spells:

 Spells                   Type           Power      Damage    Failure   Level
 Sandblast                Erth           0%         2d4       54%         1
 Summon Small Mammal      Summ           0%         N/A       54%         1
 Passwall                 Tmut/Erth      0%         N/A       69%         2
 Static Discharge         Conj/Air       0%         3-3/arc   69%         2
 Call Canine Familiar     Summ           0%         N/A       89%         3
 Stone Arrow              Conj/Erth      0%         3d7       89%         3
 Summon Guardian Golem    Hex/Summ       0%         N/A       89%         3
 Dispel Undead            Necr           0%         3d6       100%        4
 Sticky Flame             Conj/Fire      0%         2d3       100%        4

Inventory:

Hand Weapons
 a - a +0 short sword {short}
 w - a +1 short sword of holy wrath (weapon) {short}
   (You took it off an orc on level 3 of the Dungeon)
Missiles
 e - 42 stones (quivered) {throwing}
 y - a throwing net {=f!fthrowing}
Armour
 b - a +0 robe
 g - a +2 buckler (worn)
   (You found it on level 1 of the Dungeon)
 h - a +0 leather armour
   (You found it on level 4 of the Dungeon)
 i - a +0 scale mail
   (You found it on level 4 of the Dungeon)
 j - a +0 plate armour
   (You found it on level 5 of the Dungeon)
 o - a +0 robe
   (You found it on level 1 of the Dungeon)
 q - a +0 robe
   (You found it on level 2 of the Dungeon)
 r - a +0 leather armour (worn)
   (You found it on level 2 of the Dungeon)
 u - a +0 leather armour
   (You found it on level 3 of the Dungeon)
 v - a +1 hat (worn)
   (You found it on level 3 of the Dungeon)
 z - a +0 plate armour
   (You found it on level 3 of the Dungeon)
Jewellery
 x - a ring of willpower (left hand)
   (You found it on level 3 of the Dungeon)
Wands
 t - a wand of flame (19)
   (You found it on level 3 of the Dungeon)
Scrolls
 m - 3 scrolls of butterflies
Potions
 c - a potion of ambrosia
 d - a potion of flight {unknown}
 f - 3 potions of haste {@q3}
 k - 2 potions of curing {@q1}
 l - a potion of heal wounds {@q2}
 n - a potion of invisibility
 p - a potion of degeneration {unknown}
 s - a potion of cancellation {unknown}
 A - a potion of resistance {unknown}

Dungeon Overview and Level Annotations

Branches:
Dungeon (5/15) Zot: 26180
 Temple: D:4-7

Altars:

... #....(...... ....
... .......... ....
.... ........# .../.
#...##.......## #.....
#..#.........##.....#
#.......#............
#....O#............
#...@o.............
................)......
..............>........
.......................
.......................
#......................
#...........###........
............# #........


You could see an ogre and an orc.


Message History

There is an open door here.
You open the door.
There is an open door here.
There is a stone staircase leading down here.
Unknown command.
Unknown command.
Unknown command.
You climb downwards.
Found a plate armour, a cyan potion and 4 poisoned darts.
Found a stone staircase leading down.
There is a stone staircase leading up here.
Danger!
Unknown command.
Unknown command.
The iguana bites you!
You climb upwards.
There is a stone staircase leading down here.
Unknown command.
You are too injured to fight recklessly!
You are too injured to fight recklessly!
You are too injured to fight recklessly!
Unknown command.
You hit the iguana but do no damage. You bite the iguana. You drain its power.
The iguana bites you.
You hit the iguana but do no damage. You bite the iguana. You drain its power.
You feel invigorated. You block the iguana's attack.
You hit the iguana. You bite the iguana, but do no damage.
The iguana bites you.
You hit the iguana but do no damage. Your bite misses the iguana.
The iguana bites you.
You barely miss the iguana. The iguana bites you.
You closely miss the iguana. The iguana bites you!
* * * LOW HITPOINT WARNING * * *
You hit the iguana. Your bite misses the iguana. The iguana bites you.
* * * LOW HITPOINT WARNING * * *
Unknown command.
You hit the iguana. Your bite misses the iguana. The iguana barely misses you.
You hit the iguana.
You kill the iguana!
You start resting.
You start resting.
Unknown command.
You climb downwards.
There is a stone staircase leading up here.
Unknown command.
Unknown command.
j - a +0 plate armour
There is a stone staircase leading up here.
A black bear comes into view.
You see here a cyan potion.
Danger!
s - a cyan potion The black bear growls angrily.
Unknown command.
There is a stone staircase leading up here.
Unknown command.
Unknown command.
Unknown command.
Unknown command.
Unknown command.
Unknown command.
Danger!
What are your orders? t - Shout!
Orders for allies: a - Attack new target. r - Retreat! s - Stop attacking. g - Guard the area. f - Follow me.
Anything else - Cancel.
You shout for attention!
The orc shouts!
You hear a shout!
Unknown command.
An iguana comes into view.
There is a stone staircase leading up here.
Unknown command.
The iguana barely misses you.
You climb upwards.
There is a stone staircase leading down, spattered with blood here.
Unknown command.
Unknown command.
You hit the iguana. You bite the iguana. You drain its power.
The iguana bites you.
You hit the iguana but do no damage. You bite the iguana. You drain its power.
You feel invigorated. You block the iguana's attack.
You hit the iguana but do no damage. You puncture the iguana!
You kill the iguana!
No target in view!
No target in view!
You climb downwards.
The ogre hits you with a +0 giant club!!
Ouch! That really hurt!
* * * LOW HITPOINT WARNING * * *
The orc hits you with a +0 morningstar!
* * * LOW HITPOINT WARNING * * *
There is a stone staircase leading up, spattered with blood here.
Danger!
Okay, then.
Okay, then.
Unknown command.
The orc hits you with a +0 morningstar!
You die...

Skill      XL: |  1  2  3  4  5 |
---------------+----------------+-----
Short Blades   | 3 4 5 |  5.4
Stealth        | 3 4 5 |  5.2
Fighting       | |  2.6
Dodging        | |  2.4

Action                   |  1- 3 |  4- 6 || total
-------------------------+-------+-------++-------
Melee: Short sword       |    94 |    90 ||   184
       Bite              |    23 |    23 ||    46
  Use: Scroll            |       |     9 ||     9
 Stab: Sleeping          |    13 |     5 ||    18
Armor: Robe              |     9 |       ||     9
       Leather armour    |     4 |     7 ||    11
Dodge: Dodged            |    38 |    40 ||    78
Block: Buckler           |    16 |    16 ||    32

Levels and vault maps discovered:
D:1:      dpeg_arrival_houses_and_road, layout_loops_ring,
          hangedman_decor_lopped
D:2:      minmay_general_purpose_star, layout_loops_ring,
          shapermc_ecumenical_altar_hornbeckon
D:3:      layout_basic, serial_rivers, chequers_serial_rivers_small_b,
          chequers_serial_rivers_micro_e, chequers_serial_rivers_micro_c,
          chequers_serial_rivers_marsh, chequers_serial_rivers_large_a,
          chequers_serial_rivers_small_b
D:4:      layout_gridville
D:5:      layout_cave_pools, chequers_serial_rivers_micro_b,
          serial_bayou_pond_e, nrook_campfire

Notes
Turn   | Place    | Note
-------+----------+-------------------------------------------
     0 | D:1      | Sobieck the Vine Stalker Monk began the quest for the Orb.
     0 | D:1      | Reached XP level 1. HP: 11/11 MP: 2/2
   137 | D:1      | Reached skill level 3 in Short Blades
   137 | D:1      | Reached XP level 2. HP: 11/16 MP: 3/3
   525 | D:1      | You pick up a book of Callings and begin reading...
   525 | D:1      | You add the spells Summon Small Mammal, Call Canine
                  | Familiar and Summon Guardian Golem to your library.
   565 | D:1      | Reached skill level 3 in Stealth
  1022 | D:2      | Reached XP level 3. HP: 19/19 MP: 4/4
  1676 | D:2      | Found a faded altar of an unknown god.
  1888 | D:3      | Gained mutation: Your natural rate of healing is unusually
                  | fast. [Vine Stalker growth]
  1888 | D:3      | Reached XP level 4. HP: 23/23 MP: 5/5
  1963 | D:3      | Reached skill level 4 in Short Blades
  2116 | D:3      | Reached skill level 4 in Stealth
  2796 | D:4      | You pick up a book of Geomancy and begin reading...
  2796 | D:4      | You add the spells Sandblast, Passwall and Stone Arrow to
                  | your library.
  2954 | D:4      | Reached XP level 5. HP: 27/27 MP: 6/6
  3191 | D:4      | You pick up a book of Touch and begin reading...
  3191 | D:4      | You add the spells Static Discharge, Sticky Flame and
                  | Dispel Undead to your library.
  3602 | D:5      | Entered Level 5 of the Dungeon
  3621 | D:4      | Reached skill level 5 in Short Blades
  3621 | D:4      | Reached skill level 5 in Stealth
  3621 | D:4      | Reached XP level 6. HP: 25/32 MP: 7/7
  3700 | D:4      | HP: 6/32 [iguana (4)]
  3767 | D:5      | Noticed a black bear
  3805 | D:5      | HP: 7/32 [orc/+0 morningstar (9)]
  3806 | D:5      | Slain by an orc

Vanquished Creatures
  A scorpion (D:4)
  A howler monkey (D:4)
  3 iguanas (D:4)
  3 gnolls (D:3)
  5 adders
  3 worms
  An orc (D:3)
  2 ball pythons
  8 bats
  7 endoplasms
  3 giant cockroaches
  6 goblins
  5 hobgoblins
  A quokka (D:1)
  3 frilled lizards
  6 kobolds
  2 rats
60 creatures vanquished.

Table legend:
 A = Non-vault XP
 B = Vault XP
 C = Vault XP percentage of total XP
 D = Non-vault monster count
 E = Vault monster count
 F = Vault count percentage of total count
                 A         B        C        D         E       F
            +---------+---------+-------+---------+---------+-------
      Total |     444 |       2 |   0.4 |      59 |       1 |   1.7
            +---------+---------+-------+---------+---------+-------
        D:1 |      23 |       0 |   0.0 |      14 |       0 |   0.0
        D:2 |      39 |       2 |   4.9 |      13 |       1 |   7.1
        D:3 |      81 |       0 |   0.0 |      18 |       0 |   0.0
        D:4 |     301 |       0 |   0.0 |      14 |       0 |   0.0
            +---------+---------+-------+---------+---------+-------

Illustrated notes

Table legend:
 A = Kills in this place as a percentage of kills in entire the game.
 B = Kills by you in this place as a percentage of kills by you in the entire game.
 C = Kills by friends in this place as a percentage of kills by friends in the entire game.
 D = Other kills in this place as a percentage of other kills in the entire game.
 E = Experience gained in this place as a percentage of experience gained in the entire game.
 F = Experience gained in this place divided by the number of levels of this place that you have seen.
                   A       B       C       D       E      F
               +-------+-------+-------+-------+-------+----------------------
         Total | 100.0 | 100.0 |   N/A |   N/A | 100.0 |  89.2
       Dungeon | 100.0 | 100.0 |   N/A |   N/A | 100.0 |  89.2
               +-------+-------+-------+-------+-------+----------------------

Table legend: (Time is in decaauts)
 A = Elapsed time spent in this place.
 B = Non-inter-level travel time spent in this place.
 C = Inter-level travel time spent in this place.
 D = Time resting spent in this place.
 E = Time spent auto-exploring this place.
 F = Levels seen in this place.
 G = Mean time per level.
                   A        B        C        D        E       F      G
               +--------+--------+--------+--------+--------+-----+--------+
         Total |   3818 |   3652 |    166 |    179 |   2809 |   5 |  763.6 |
       Dungeon |   3818 |   3652 |    166 |    179 |   2809 |   5 |  763.6 |
               +--------+--------+--------+--------+--------+-----+--------+

Top non-repeatable levels by time:
     D:4: 1038 daAuts
     D:3: 1015 daAuts
     D:2: 950 daAuts
     D:1: 760 daAuts
     D:5: 53 daAuts
